 Dungeon Crawl Stone Soup version 0.29-a0-541-gaf1fc19f1b (webtiles) character file.

Game seed: 8667721525534022279

61 xian the Sneak (level 4, -2/27 HPs)
             Began as a Kobold Brigand on June 3, 2022.
             Slain by a gnoll
             ... wielding a +0 spear
              (6 damage)
             ... on level 2 of the Dungeon.
             The game lasted 00:03:57 (2063 turns).

xian the Sneak (Kobold Brigand)                     Turns: 2063, Time: 00:03:57

Health: -2/27      AC:  3    Str: 10    XL:     4   Next: 27%
Magic:  4/4        EV: 14    Int: 12    God:
Gold:   50         SH:  0    Dex: 16    Spells: 3/3 levels left

rFire   . . .      SeeInvis .   a - +2 dagger
rCold   . . .      Faith    .   (no shield)
rNeg    . . .      Spirit   .   b - +0 robe
rPois   .          Reflect  .   (no helmet)
rElec   .          Harm     .   c - +0 cloak
rCorr   .          Rampage  .   (no gloves)
Will    .....                   (no boots)
Stlth   +++++.....              (no amulet)
HPRegen 0.09/turn               r - +4 ring of slaying
MPRegen 0.09/turn               (no ring)

@: no status effects
A: small, no large weapons, nightstalker 3
a: no special abilities


You were on level 2 of the Dungeon.
You visited 1 branch of the dungeon, and saw 2 of its levels.

You collected 50 gold pieces.

Inventory:

Hand Weapons
 a - a +2 dagger (weapon)
Missiles
 d - 9 poisoned darts (quivered)
 e - 3 curare-tipped darts
Armour
 b - a +0 robe (worn)
 c - a +0 cloak (worn)
Jewellery
 r - a +4 ring of slaying (left hand)
Scrolls
 g - 2 scrolls of teleportation {unknown}
 h - 2 scrolls of identify {unknown}
 l - a scroll of magic mapping {unknown}
 m - a scroll of immolation {unknown}
 n - a scroll of enchant weapon {unknown}
 q - a scroll of summoning {unknown}
Potions
 f - 3 potions of heal wounds {unknown}
 i - a potion of attraction {unknown}
 j - 2 potions of haste {unknown}
 k - 3 potions of degeneration {unknown}
 o - 2 potions of curing {unknown}
 p - a potion of lignification {unknown}


   Skills:
 + Level 2.3 Fighting
 + Level 3.3 Short Blades
 + Level 2.3 Throwing
 + Level 1.4 Dodging
 + Level 7.1 Stealth


You had 3 spell levels left.
You didn't know any spells.
Your spell library contained the following spells:

 Spells                   Type           Power      Damage    Failure   Level
 Apportation              Tloc           0%         N/A       32%         1
 Freeze                   Ice            0%         1d3       32%         1
 Necrotize                Necr           0%         1d4       32%         1
 Summon Small Mammal      Summ           0%         N/A       32%         1
 Frozen Ramparts          Ice            0%         1d2       69%         3
 Hailstorm                Conj/Ice       0%         3d3       97%         4


Dungeon Overview and Level Annotations

Branches:
Dungeon (2/15)

Altars:


Innate Abilities, Weirdness & Mutations

You are small and have problems with some larger weapons.
You are completely attuned to the shadows.


Message History

You kill the kobold!
Things that are here:
a +0 short sword; a kobold corpse The frilled lizard hisses angrily.
The frilled lizard barely misses you.
You puncture the frilled lizard!
You kill the frilled lizard!
You see here a frilled lizard corpse. 2 gnolls come into view.
A gnoll comes into view. It is wielding a +0 spear.
A gnoll comes into view. It is wielding a +0 club.
The gnoll shouts! x2
The gnoll misses you.
The gnoll hits you from afar with a +0 halberd.
The gnoll misses you. The gnoll barely misses you. x2
You hit the gnoll.
The gnoll is lightly wounded.
The gnoll closely misses you. x2
You hit the gnoll.
The gnoll is lightly wounded.
The gnoll barely misses you. The gnoll closely misses you.
You barely miss the gnoll.
The gnoll is lightly wounded.
The gnoll hits you with a +0 spear.
The gnoll hits you from afar with a +0 halberd.
You barely miss the gnoll.
The gnoll is lightly wounded.
The gnoll hits you with a +0 spear.
The gnoll hits you from afar with a +0 halberd!
* * * LOW HITPOINT WARNING * * *
You barely miss the gnoll.
The gnoll is lightly wounded.
The gnoll hits you with a +0 spear.
* * * LOW HITPOINT WARNING * * *
The gnoll completely misses you.
Unknown command.
Okay, then.
The gnoll attacks as you move away! The gnoll hits you with a +0 spear.
You die...

#[#...#.##.....
####..#.##.....#
......#.##.....#.....
........##.....#.....
.###......)..#.#.....
.......###...#.#.....
.##..### ###†#.#gg...
.(...# #...#g####
.....# #.###@# ..##.#
#.....# ..#..#
#.##### .†#..# #.#
..#..###+# #.#
#.#....P.P ..
#.#....... #...#.###
#####.#


You could see 3 gnolls.

Vanquished Creatures
  An adder (D:2)
  2 dart slugs (D:2)
  7 ball pythons
  6 bats
  3 endoplasms
  3 giant cockroaches
  6 goblins
  3 jackals (D:2)
  3 quokkas (D:1)
  4 frilled lizards
  4 kobolds
  2 rats (D:2)
44 creatures vanquished.

Notes
Turn   | Place    | Note
-------+----------+-------------------------------------------
     0 | D:1      | xian the Kobold Brigand began the quest for the Orb.
     0 | D:1      | Reached XP level 1. HP: 12/12 MP: 1/1
   261 | D:1      | Reached XP level 2. HP: 17/17 MP: 2/2
   306 | D:1      | Reached skill level 6 in Stealth
   500 | D:1      | Reached XP level 3. HP: 21/21 MP: 3/3
  1408 | D:2      | Reached XP level 4. HP: 25/26 MP: 4/4
  1792 | D:2      | Reached skill level 7 in Stealth
  2063 | D:2      | Slain by a gnoll

Illustrated notes

Levels and vault maps discovered:
D:1:      amcnicky_arrival_double_pillar, layout_basic
D:2:      layout_basic, dreamdust_ecumenical_altar_sealed_demon, basic_altar,
          minmay_hexomino_f4

Skill      XL: |  1  2  3  4 |
---------------+-------------+-----
Stealth        | 6 7 |  7.1
Short Blades   | 3 |  3.3
Fighting       | |  2.3
Throwing       | |  2.3
Dodging        | |  1.4

Action                   |  1- 3 |  4- 6 || total
-------------------------+-------+-------++-------
Melee: Dagger            |    56 |    32 ||    88
 Stab: Sleeping          |    21 |     6 ||    27
Armor: Robe              |    10 |     5 ||    15
Dodge: Dodged            |    36 |    27 ||    63

Table legend: (Time is in decaauts)
 A = Elapsed time spent in this place.
 B = Non-inter-level travel time spent in this place.
 C = Inter-level travel time spent in this place.
 D = Time resting spent in this place.
 E = Time spent auto-exploring this place.
 F = Levels seen in this place.
 G = Mean time per level.
                   A        B        C        D        E       F      G
               +--------+--------+--------+--------+--------+-----+--------+
         Total |   2049 |   2026 |     23 |      0 |   1598 |   2 | 1024.5 |
       Dungeon |   2049 |   2026 |     23 |      0 |   1598 |   2 | 1024.5 |
               +--------+--------+--------+--------+--------+-----+--------+

Top non-repeatable levels by time:
     D:1: 1113 daAuts
     D:2: 935 daAuts
